[Event "Titled Tuesday Blitz February 22 Early 2022"]
[White "Kornyukov, Alexey"]
[Black "Rich, Albert J"]
[WhiteFideId "4150457"]
[BlackFideId "2028735"]
[WhiteElo "2303"]
[BlackElo "2371"]
[Result "0-1"]
[Round "10"]
[TimeControl "180+1"]
[Date "2022.02.22"]
[WhiteClock "0:01:04"]
[BlackClock "0:01:46"]

1. e4 d5 2. exd5 Qxd5 3. Nc3 Qa5 4. d4 Nf6 5. Nf3 Bg4 6. h3 Bh5 7. Bd3 Nc6 8. O-O O-O-O 9. Be3 e5 10. g4 Nxg4 11. hxg4 Bxg4 12. d5 Nd4 13. Bxd4 exd4 14. Ne2 Bxf3 15. Bf5+ Kb8 16. Qd3 Qxd5 17. Nf4 Qc6 18. b4 Bxb4 19. Rab1 Bc5 20. Qc4 Bb6 21. Qxc6 Bxc6 0-1


[Site "https://www.chess.com"]

[Event "Titled Tuesday Blitz February 22 Early 2022"]
[White "Kovalenko, Igor"]
[Black "Kollars, Dmitrij"]
[WhiteFideId "14117908"]
[BlackFideId "12909572"]
[WhiteElo "2560"]
[BlackElo "2584"]
[Result "0-1"]
[Round "10"]
[TimeControl "180+1"]
[Date "2022.02.22"]
[WhiteClock "0:00:13"]
[BlackClock "0:00:08"]

1. d4 Nf6 2. Nf3 d5 3. c4 e6 4. Nc3 Nbd7 5. cxd5 exd5 6. Bf4 c6 7. h3 Bb4 8. Qb3 a5 9. e3 O-O 10. Bd3 Ne4 11. Bxe4 dxe4 12. Nd2 Nf6 13. a3 Be6 14. Qc2 Bxc3 15. bxc3 Nd5 16. Bh2 Qg5 17. g4 f5 18. gxf5 Qxf5 19. Bg3 Qg6 20. Rg1 Bf5 21. c4 Nf6 22. O-O-O b5 23. Bd6 Qf7 24. Bxf8 Qxf8 25. c5 Nd5 26. Rg3 b4 27. Rdg1 Bg6 28. a4 Qxf2 29. Nc4 Rf8 30. h4 Qf5 31. Ne5 Nc3 32. Kb2 Rf6 33. Qb3+ Kh8 34. Qc2 Qe6 35. Qb3 Rf2+ 0-1


[Site "https://www.chess.com"]

[Event "Titled Tuesday Blitz February 22 Early 2022"]
[White "Kozak, Alexander"]
[Black "Papp, Levente"]
[WhiteFideId "4135881"]
[BlackFideId "751243"]
[WhiteElo "2251"]
[BlackElo "2308"]
[Result "0-1"]
[Round "10"]
[TimeControl "180+1"]
[Date "2022.02.22"]
[WhiteClock "0:00:06"]
[BlackClock "0:00:16"]

1. e4 e6 2. Nf3 d5 3. Nc3 Bb4 4. a3 Bxc3 5. dxc3 dxe4 6. Qxd8+ Kxd8 7. Ng5 Ke7 8. Nxe4 Nf6 9. Bg5 b6 10. O-O-O Bb7 11. Bd3 Nd7 12. Rhe1 Rad8 13. f4 Bxe4 14. Bxe4 Nc5 15. Bf3 Rxd1+ 16. Rxd1 Rd8 17. Re1 Kf8 18. Bh4 a5 19. b3 Rd6 20. a4 Nd5 21. Bxd5 Rxd5 22. Bf2 Ke7 23. Bd4 f6 24. Kd2 Nd7 25. Kc1 c6 26. Bf2 b5 27. axb5 cxb5 28. Kb2 Rd2 29. Rf1 Kd6 30. g3 Kc6 31. h4 Re2 32. h5 g6 33. hxg6 hxg6 34. g4 e5 35. fxe5 Nxe5 36. Bd4 Nxg4 37. Bxf6 Rxc2+ 38. Kxc2 Ne3+ 39. Kd3 Nxf1 40. Bd8 a4 41. bxa4 bxa4 42. Kc4 Nd2+ 43. Kb4 Kd5 44. Kxa4 Kc4 45. Ka3 Kxc3 46. Ba5+ Kd3 47. Kb4 g5 48. Bc7 g4 49. Kc5 Ke4 50. Kb4 Nf1 51. Kc3 Ke3 52. Bb6+ Kf3 53. Bc7 Ke3 54. Bb6+ Ke2 55. Bc7 Ne3 56. Kd4 Kf3 57. Kd3 Nd5 58. Bd6 Nf4+ 59. Kd2 g3 60. Bc5 g2 61. Bb6 Nd5 62. Bc5 Nf6 63. Bb6 Ne4+ 64. Ke1 Ng5 65. Bc5 Nh3 66. Bb6 Nf4 67. Bc5 Nd3+ 68. Kd2 Nxc5 69. Ke1 g1=Q+ 0-1


[Site "https://www.chess.com"]

[Event "Titled Tuesday Blitz February 22 Early 2022"]
[White "Kozin, Yuri"]
[Black "Cherniaiev, Tykhon"]
[WhiteFideId "4129920"]
[BlackFideId "14182360"]
[WhiteElo "2565"]
[BlackElo "2289"]
[Result "0-1"]
[Round "10"]
[TimeControl "180+1"]
[Date "2022.02.22"]
[WhiteClock "0:00:29"]
[BlackClock "0:00:49"]

1. e4 c5 2. Nf3 e6 3. d4 cxd4 4. Nxd4 a6 5. Bd3 Bc5 6. Nb3 Ba7 7. Nc3 Nc6 8. Qe2 Nf6 9. Be3 Bxe3 10. Qxe3 d6 11. O-O-O O-O 12. g4 Nxg4 13. Qg3 Nge5 14. Rhg1 Qf6 15. f4 Nxd3+ 16. Rxd3 b5 17. Rxd6 Ne7 18. Kb1 b4 19. Na4 Bb7 20. Nb6 Bxe4 21. Nxa8 Nf5 22. Qe1 Nxd6 23. Nb6 Qxf4 24. Nd7 Rd8 25. Rf1 Qxh2 26. Qxb4 Qxc2+ 27. Ka1 Qc4 28. Qxc4 Nxc4 29. Ndc5 Ne3 30. Rg1 Bf5 31. a3 h5 32. Nxa6 h4 33. a4 h3 34. a5 h2 35. Rc1 Rd1 0-1


[Site "https://www.chess.com"]

[Event "Titled Tuesday Blitz February 22 Early 2022"]
[White "Krylov, Ivan"]
[Black "Shohat, Yotam"]
[WhiteFideId "24128066"]
[BlackFideId "2813955"]
[WhiteElo "2258"]
[BlackElo "2119"]
[Result "1-0"]
[Round "10"]
[TimeControl "180+1"]
[Date "2022.02.22"]
[WhiteClock "0:00:19"]
[BlackClock "0:00:01"]

1. e4 g6 2. d4 Nf6 3. Nc3 d5 4. e5 Ne4 5. Bd3 Nxc3 6. bxc3 c5 7. Nf3 Nc6 8. Ba3 cxd4 9. O-O dxc3 10. Re1 Bg4 11. Rb1 Qc7 12. Bb5 e6 13. Bxf8 Kxf8 14. Bxc6 Qxc6 15. Qd3 Bf5 16. Qe2 b6 17. Nd4 Qc5 18. Qe3 Kg7 19. Rbd1 h6 20. h3 g5 21. Nxf5+ exf5 22. Qf3 f4 23. Rxd5 Qc6 24. Qd3 Rac8 25. Rd6 Qc4 26. Qf5 Rhf8 27. Qf6+ Kg8 28. Qxh6 f6 29. Qg6+ Kh8 30. Rxf6 Rxf6 31. exf6 1-0


[Site "https://www.chess.com"]

[Event "Titled Tuesday Blitz February 22 Early 2022"]
[White "Lakshmi C"]
[Black "Yushko, Olga"]
[WhiteFideId "25035347"]
[BlackFideId "14114500"]
[WhiteElo "1775"]
[BlackElo "2028"]
[Result "1-0"]
[Round "10"]
[TimeControl "180+1"]
[Date "2022.02.22"]
[WhiteClock "0:00:31"]
[BlackClock "0:00:02"]

1. Nf3 e6 2. g3 f5 3. Bg2 Nf6 4. c4 Be7 5. Nc3 d6 6. O-O O-O 7. d3 e5 8. e4 Nc6 9. h3 Qe8 10. Nh2 Qg6 11. Kh1 a5 12. b3 Be6 13. Qe1 Nd4 14. Rb1 c6 15. f4 Nc2 16. Qf2 exf4 17. Qxc2 fxg3 18. Nf3 fxe4 19. Nxe4 Nxe4 20. dxe4 Qh5 21. Be3 Bxh3 22. Kg1 Bxg2 23. Qxg2 Qg4 24. Nd2 Rf6 25. Rxf6 Bxf6 26. Rf1 Be5 27. Qf3 Qg6 28. Qf5 Qe8 29. Nf3 g6 30. Qg4 Qe7 31. Ng5 h5 32. Qe6+ Qxe6 33. Nxe6 Re8 34. Ng5 h4 35. Kg2 d5 36. cxd5 cxd5 37. exd5 Bd6 38. Rf3 1-0


[Site "https://www.chess.com"]

[Event "Titled Tuesday Blitz February 22 Early 2022"]
[White "Langner, Ladislav"]
[Black "Potapova, Margarita"]
[WhiteFideId "300403"]
[BlackFideId "14126869"]
[WhiteElo "2346"]
[BlackElo "2209"]
[Result "0-1"]
[Round "10"]
[TimeControl "180+1"]
[Date "2022.02.22"]
[WhiteClock "0:00:01"]
[BlackClock "0:00:10"]

1. e4 g6 2. d4 Bg7 3. Nc3 c6 4. f4 e6 5. Nf3 Ne7 6. Bd3 O-O 7. O-O d5 8. e5 c5 9. dxc5 Nbc6 10. Ne2 Qa5 11. Be3 f6 12. exf6 Bxf6 13. c3 Nf5 14. Bxf5 exf5 15. Qxd5+ Kg7 16. Ned4 Qc7 17. Nb5 Qe7 18. Rfe1 Be6 19. Qd6 Qxd6 20. Nxd6 Bd5 21. Rad1 Bxa2 22. Nxb7 Rab8 23. Rd7+ Kg8 24. b4 Bxc3 25. Bd2 Bxb4 26. Bxb4 Nxb4 27. Ree7 Rf7 28. Rxf7 Bxf7 29. Ne5 Bd5 30. Na5 Rb5 31. c6 Rxa5 32. c7 Bb7 33. Rd8+ Kg7 34. Rb8 Ba6 35. Rxb4 Rc5 36. Ra4 Bb7 37. c8=Q Bxc8 38. Rxa7+ Kg8 39. Kf2 Rc3 40. g3 Be6 41. Ra5 Kg7 42. Rb5 Kf6 43. Rb2 h6 44. Re2 g5 45. fxg5+ hxg5 46. Nf3 Bd5 47. Ne5 Rc1 48. Nd3 Rh1 49. Ke3 Bc4 50. Rc2 Bd5 51. Nf2 Re1+ 52. Kd2 Ra1 53. Ke3 Ra3+ 54. Ke2 Ra7 55. Rd2 Re7+ 56. Kf1 Bf3 0-1


[Site "https://www.chess.com"]

[Event "Titled Tuesday Blitz February 22 Early 2022"]
[White "Lauridsen, Jesper Morch"]
[Black "Gatterer, Florian"]
[WhiteFideId "1401890"]
[BlackFideId "811688"]
[WhiteElo "2284"]
[BlackElo "2218"]
[Result "0-1"]
[Round "10"]
[TimeControl "180+1"]
[Date "2022.02.22"]
[WhiteClock "0:00:26"]
[BlackClock "0:00:28"]

1. e4 c5 2. d4 cxd4 3. c3 Nf6 4. e5 Nd5 5. Bc4 e6 6. Nf3 Nc6 7. cxd4 d6 8. O-O dxe5 9. dxe5 Nb6 10. Qxd8+ Nxd8 11. Bb5+ Bd7 12. Nc3 a6 13. Be3 axb5 14. Bxb6 b4 15. Ne4 Nc6 16. Rfd1 Be7 17. a3 bxa3 18. bxa3 Bc8 19. Bc5 O-O 20. Bxe7 Nxe7 21. Nd6 Nd5 22. Rdb1 b6 23. Nc4 Rb8 24. Nd4 Ba6 25. Nd6 Ra8 26. Nc6 Kh8 27. Rb3 h6 28. Rf3 Kg8 29. Ne7+ Nxe7 0-1


[Site "https://www.chess.com"]

[Event "Titled Tuesday Blitz February 22 Early 2022"]
[White "Lonoff, Marc"]
[Black "Singh, Ojasva"]
[WhiteFideId "2001349"]
[BlackFideId "25681958"]
[WhiteElo "2248"]
[BlackElo "1741"]
[Result "1-0"]
[Round "10"]
[TimeControl "180+1"]
[Date "2022.02.22"]
[WhiteClock "0:01:40"]
[BlackClock "0:00:13"]

1. c4 e5 2. Nc3 Nc6 3. g3 g6 4. Bg2 Bg7 5. e4 Nge7 6. Nge2 O-O 7. d3 d6 8. O-O Nd4 9. Nxd4 exd4 10. Ne2 a6 11. Rb1 Rb8 12. b4 b5 13. cxb5 axb5 14. Bb2 c5 15. Rc1 Ra8 16. a3 cxb4 17. axb4 Qb6 18. e5 Bb7 19. Bxd4 Qa6 20. Ra1 Bxg2 21. Rxa6 Bxf1 22. Rxa8 Rxa8 23. Kxf1 dxe5 24. Bc5 Nc6 25. Kg2 h5 26. Qb3 Ra1 27. Qd5 Ra6 28. Qd7 f5 29. Qc8+ 1-0


[Site "https://www.chess.com"]

[Event "Titled Tuesday Blitz February 22 Early 2022"]
[White "Loy, Konstantin"]
[Black "Volkov, Maksim"]
[WhiteFideId "14122499"]
[BlackFideId "54123070"]
[WhiteElo "2084"]
[BlackElo "2081"]
[Result "1-0"]
[Round "10"]
[TimeControl "180+1"]
[Date "2022.02.22"]
[WhiteClock "0:00:41"]
[BlackClock "0:01:15"]

1. e4 c5 2. Nf3 d6 3. d4 cxd4 4. Qxd4 Nf6 5. e5 Nc6 6. Bb5 Qa5+ 7. Nc3 Qxb5 8. Nxb5 Nxd4 9. Nfxd4 dxe5 10. Nc7+ Kd7 11. Nxa8 exd4 12. Bf4 e5 13. Bxe5 Bd6 14. Bxd6 Kxd6 15. O-O-O Kc5 16. Rhe1 Bg4 17. f3 Bd7 18. Re7 Rxa8 19. Rxf7 Bc6 20. Rxg7 Re8 21. b3 Re2 22. Rd2 Re1+ 23. Kb2 h6 24. c3 dxc3+ 25. Kxc3 Nd5+ 26. Kb2 Kb6 27. Rg6 h5 28. Rxd5 1-0


[Site "https://www.chess.com"]

[Event "Titled Tuesday Blitz February 22 Early 2022"]
[White "Maevsky, Nikolay"]
[Black "Sahil, Tickoo"]
[WhiteFideId "4198220"]
[BlackFideId "5019710"]
[WhiteElo "2104"]
[BlackElo "2099"]
[Result "1-0"]
[Round "10"]
[TimeControl "180+1"]
[Date "2022.02.22"]
[WhiteClock "0:01:00"]
[BlackClock "0:00:01"]

1. d4 d5 2. Nf3 Nf6 3. e3 c6 4. Nbd2 Bf5 5. Ne5 e6 6. g4 Be4 7. f3 Bg6 8. h4 h5 9. g5 Nfd7 10. Nxg6 fxg6 11. Bd3 Kf7 12. f4 Bd6 13. c4 Nf8 14. Qc2 Nbd7 15. O-O Qe8 16. e4 Kg8 17. Nf3 Qf7 18. Bd2 Rc8 19. b4 Qe7 20. c5 Bb8 21. exd5 exd5 22. Rae1 Qf7 23. Ne5 Nxe5 24. fxe5 Qe6 25. Bf4 Kh7 26. Bg3 Nd7 27. Kh2 Rhf8 28. Qe2 Kg8 29. b5 Rxf1 30. Rxf1 Rf8 31. bxc6 bxc6 32. Rb1 Bc7 33. Rb7 Ba5 34. Rxa7 Bc3 35. Qe3 Qg4 36. Be2 Qe6 37. Qxc3 Qf5 38. Qe3 Rf7 39. e6 1-0


[Site "https://www.chess.com"]

[Event "Titled Tuesday Blitz February 22 Early 2022"]
[White "Maltsevskaya, Aleksandra"]
[Black "Orozbaev, Eldiar"]
[WhiteFideId "24174041"]
[BlackFideId "13802240"]
[WhiteElo "2283"]
[BlackElo "2050"]
[Result "1-0"]
[Round "10"]
[TimeControl "180+1"]
[Date "2022.02.22"]
[WhiteClock "0:00:03"]
[BlackClock "0:00:04"]

1. e4 e6 2. d3 d5 3. Nd2 Nc6 4. Ngf3 Nf6 5. g3 dxe4 6. dxe4 Bc5 7. Bg2 e5 8. O-O O-O 9. c3 a5 10. Qc2 Qe7 11. Nc4 Rd8 12. Be3 b5 13. Bxc5 Qxc5 14. Ne3 Ba6 15. Rfd1 g6 16. Nd5 Nxd5 17. exd5 Nb4 18. Qe4 Nxd5 19. Ng5 Bb7 20. Qh4 h5 21. Ne4 Qb6 22. Rxd5 Bxd5 23. Nf6+ Kg7 24. Nxd5 Qd6 25. Re1 f6 26. Ne3 Rab8 27. Be4 Qe6 28. Bc2 Rd2 29. a4 b4 30. c4 b3 31. Be4 Rxb2 32. g4 Rh8 33. g5 f5 34. Bd5 Qd6 35. Qh3 Rd2 36. Nd1 b2 37. Nc3 Rb8 38. Qe3 Rc2 39. Kg2 Rxc3 40. Qxc3 b1=Q 41. Rxb1 Rxb1 42. Qxa5 Qb6 43. Qa8 Qb8 44. Qc6 Qd8 45. Qe6 Qf8 46. Qd7+ Kh8 47. Qe6 Qg7 48. Qe8+ Kh7 49. a5 f4 50. a6 Ra1 51. Qc8 c6 52. Qxc6 Qe7 53. Qb7 Qxb7 54. axb7 Rb1 55. c5 h4 56. c6 Rb3 57. Bxb3 h3+ 58. Kxh3 1-0


[Site "https://www.chess.com"]

[Event "Titled Tuesday Blitz February 22 Early 2022"]
[White "Manelyuk, Daniil"]
[Black "Petesch, Gabriel"]
[WhiteFideId "44173920"]
[BlackFideId "2032465"]
[WhiteElo "2222"]
[BlackElo "2374"]
[Result "1-0"]
[Round "10"]
[TimeControl "180+1"]
[Date "2022.02.22"]
[WhiteClock "0:00:58"]
[BlackClock "0:00:07"]

1. e4 d5 2. exd5 Qxd5 3. Nc3 Qd8 4. d4 c6 5. Nf3 Nf6 6. Bc4 Bf5 7. Nh4 Bg4 8. f3 Bh5 9. Bg5 e6 10. Qd2 Be7 11. g4 Nxg4 12. Bxe7 Qxe7 13. O-O-O Nf6 14. Rde1 Nbd7 15. Nf5 Qf8 16. Qf4 O-O-O 17. Nd6+ Kb8 18. Ndb5+ e5 19. dxe5 cxb5 20. e6+ Ka8 21. e7 bxc4 22. exf8=Q Rhxf8 23. Nb5 a6 24. Nc7+ Ka7 25. Qd4+ Nb6 26. Qc5 Rc8 27. Re7 Nd5 28. Rd7 Bxf3 29. Rf1 Bg2 30. Rf2 Bh1 31. Rfxf7 Nxc7 32. Rxf8 Rxf8 33. Qxf8 Nxd7 34. Qd6 Nb6 35. Qxc7 Be4 36. Qxg7 Bg6 37. h4 a5 38. Qh6 1-0


[Site "https://www.chess.com"]

[Event "Titled Tuesday Blitz February 22 Early 2022"]
[White "Mangialardo, Tiago Carvalho"]
[Black "Clawitter, Craig"]
[WhiteFideId "2130718"]
[BlackFideId "2023105"]
[WhiteElo "2120"]
[BlackElo "2195"]
[Result "0-1"]
[Round "10"]
[TimeControl "180+1"]
[Date "2022.02.22"]
[WhiteClock "0:00:01"]
[BlackClock "0:01:29"]

1. Nf3 Nf6 2. b3 e6 3. Bb2 d5 4. e3 Be7 5. Be2 O-O 6. O-O c5 7. d4 Nc6 8. c4 cxd4 9. Nxd4 Nxd4 10. Qxd4 dxc4 11. Qxc4 Bd7 12. Rd1 Rc8 13. Qd4 a6 14. Nc3 Bc6 15. a3 Qa5 16. b4 Qg5 17. Bf1 Rfd8 18. Qf4 Qxf4 19. exf4 Nd5 20. Nxd5 Rxd5 21. Rxd5 Bxd5 22. Be2 Rc2 23. Bf3 Bxf3 0-1


[Site "https://www.chess.com"]

[Event "Titled Tuesday Blitz February 22 Early 2022"]
[White "Martirosyan, Haik M."]
[Black "Van Foreest, Jorden"]
[WhiteFideId "13306553"]
[BlackFideId "1039784"]
[WhiteElo "2735"]
[BlackElo "2609"]
[Result "0-1"]
[Round "10"]
[TimeControl "180+1"]
[Date "2022.02.22"]
[WhiteClock "0:00:20"]
[BlackClock "0:00:20"]

1. e4 c6 2. Nf3 d5 3. Nc3 Bg4 4. h3 Bxf3 5. Qxf3 e6 6. g3 Bc5 7. Bg2 Nf6 8. d3 Nbd7 9. Qe2 O-O 10. O-O b5 11. Kh2 a5 12. f4 a4 13. a3 dxe4 14. dxe4 e5 15. f5 h6 16. g4 Nh7 17. Nd1 Be7 18. Nf2 Bg5 19. Nd3 Qe7 20. Be3 Bxe3 21. Qxe3 Rfd8 22. Rad1 Rab8 23. Qg3 c5 24. h4 b4 25. Rf2 Nb6 26. Ra1 bxa3 27. Rxa3 Nc4 28. Ra2 Rd4 29. Rxa4 Nf6 30. b3 Ne3 31. Bf3 Rxa4 32. bxa4 c4 33. Ne1 Nexg4+ 34. Bxg4 Nxe4 35. f6 Qc5 36. Qf3 Qxf2+ 37. Qxf2 Nxf2 38. Bd7 gxf6 39. Ng2 Ne4 40. Ne3 Nc5 41. Bb5 c3 42. Nd5 Kg7 43. Nxc3 f5 44. Kg2 e4 45. Nd5 Ra8 46. Nb6 Rd8 47. Kg3 Ne6 48. a5 f4+ 49. Kg4 h5+ 50. Kh3 f3 51. Kg3 Rd2 52. a6 Rg2+ 53. Kh3 Nf4# 0-1


[Site "https://www.chess.com"]

[Event "Titled Tuesday Blitz February 22 Early 2022"]
[White "Matinian, Nikita"]
[Black "Ovetchkin, Roman"]
[WhiteFideId "24129100"]
[BlackFideId "4119991"]
[WhiteElo "2422"]
[BlackElo "2409"]
[Result "1-0"]
[Round "10"]
[TimeControl "180+1"]
[Date "2022.02.22"]
[WhiteClock "0:00:11"]
[BlackClock "0:00:23"]

1. e4 c6 2. Nc3 d5 3. Nf3 dxe4 4. Nxe4 Nf6 5. Qe2 Nxe4 6. Qxe4 Nd7 7. Bc4 Nf6 8. Ne5 e6 9. Qe2 b5 10. Bb3 Qc7 11. d4 Bd6 12. h4 Bb7 13. h5 h6 14. Rh3 c5 15. Qxb5+ Ke7 16. c3 Rac8 17. Bd2 Rhd8 18. Nc4 Bxg2 19. Nxd6 Bxh3 20. Nxc8+ Rxc8 21. Qxc5+ Qxc5 22. dxc5 Rxc5 23. Be3 Rxh5 24. Bxa7 Bg4 25. Kd2 Ne4+ 26. Ke3 f5 27. Rg1 Rh3+ 28. Kd4 Kd6 29. Bb8+ Ke7 30. Rxg4 fxg4 31. Kxe4 Rf3 32. Bg3 h5 33. Bh4+ Kd6 34. Bd1 Rf5 35. Bg3+ Ke7 36. b4 g5 37. a4 h4 38. Bb8 g3 39. fxg3 h3 40. g4 Rf2 41. a5 h2 42. Bxh2 Rxh2 43. b5 Ra2 44. a6 Kd6 45. Kd4 e5+ 46. Kc4 Ra1 47. Bf3 Kc7 48. Kc5 Ra5 49. c4 Ra3 50. Bd5 1-0


[Site "https://www.chess.com"]

[Event "Titled Tuesday Blitz February 22 Early 2022"]
[White "Mekhitarian, Krikor Sevag"]
[Black "Borisova, Ekaterina"]
[WhiteFideId "2107660"]
[BlackFideId "34124184"]
[WhiteElo "2598"]
[BlackElo "2034"]
[Result "1-0"]
[Round "10"]
[TimeControl "180+1"]
[Date "2022.02.22"]
[WhiteClock "0:01:31"]
[BlackClock "0:01:16"]

1. e4 c6 2. d3 d5 3. Nd2 e5 4. g3 Bd6 5. Bg2 Ne7 6. Ngf3 O-O 7. O-O f6 8. Re1 d4 9. c3 c5 10. Nc4 Nbc6 11. cxd4 cxd4 12. Nxd6 Qxd6 13. b4 Be6 14. a3 Rfc8 15. Nd2 a5 16. b5 Na7 17. a4 Rc7 18. Ba3 Qd7 19. b6 Rc3 20. bxa7 Rxd3 21. Bb2 Nc6 22. Bf1 Nb4 23. Bxd3 Nxd3 24. Rf1 Nxb2 25. Qc2 Nc4 26. Nxc4 Bh3 27. Nb6 Qg4 28. f3 Qg5 29. Qc1 1-0


[Site "https://www.chess.com"]

[Event "Titled Tuesday Blitz February 22 Early 2022"]
[White "Melian, Juan Sebastian"]
[Black "Petrosyan, Manuel"]
[WhiteFideId "3706575"]
[BlackFideId "13300857"]
[WhiteElo "1842"]
[BlackElo "2592"]
[Result "1-0"]
[Round "10"]
[TimeControl "180+1"]
[Date "2022.02.22"]
[WhiteClock "0:00:08"]
[BlackClock "0:00:04"]

1. e4 c5 2. b3 Nc6 3. Bb2 d6 4. Bb5 e5 5. d3 Ne7 6. Nd2 a6 7. Bxc6+ Nxc6 8. Ne2 g5 9. Ng3 Bg7 10. Qh5 Qf6 11. Nc4 Ne7 12. Bc1 h6 13. h4 gxh4 14. Qxh4 Qxh4 15. Rxh4 Ng6 16. Rh5 Bg4 17. Rh1 O-O-O 18. f3 Be6 19. Ne3 Ne7 20. c4 Bf6 21. Nd5 Bxd5 22. cxd5 Bg5 23. Kf2 Rdf8 24. Rh5 f5 25. Bxg5 hxg5 26. Rah1 Rhg8 27. Rh7 Kd8 28. Nh5 g4 29. Ng7 Kc8 30. Ne6 Re8 31. Rf7 g3+ 32. Ke3 fxe4 33. dxe4 Ng6 34. Rhh7 Nf4 35. Nxf4 exf4+ 36. Kxf4 b5 37. Rc7+ Kb8 38. Rb7+ Kc8 39. Ra7 Kb8 40. Rxa6 Ref8+ 41. Ke3 Rf6 42. Rb6+ Kc8 43. Rc6+ Kb8 44. Rd7 Rh6 45. Rdxd6 Rh2 46. Rb6+ Ka7 47. Ra6+ Kb7 48. Rdb6+ Kc7 49. Rg6 Rxg6 50. Rxg6 Rxg2 51. Kf4 c4 52. bxc4 bxc4 53. Rc6+ Kd7 54. Rxc4 Rg1 55. Rc6 g2 56. Rg6 Ke7 57. Ke3 Kf7 58. Rg3 Re1+ 59. Kf2 Ra1 60. Rxg2 Rxa2+ 61. Kg3 Ra6 62. Kf4 Rf6+ 63. Ke3 Ra6 64. Rg4 Kf6 65. Rh4 Ra3+ 66. Kf4 Kg6 67. Rg4+ Kf6 68. Rg5 Rd3 69. Rf5+ Ke7 70. Ke5 Ra3 71. f4 Ra6 72. Rh5 Ke8 73. Rh7 Rg6 74. f5 Ra6 75. Rh5 Kf7 76. Rg5 Rh6 77. Rg6 Rh1 78. Rb6 Ra1 79. Rb7+ Ke8 80. Ke6 Ra4 81. Rb8# 1-0


[Site "https://www.chess.com"]

[Event "Titled Tuesday Blitz February 22 Early 2022"]
[White "Mikhailovsky, Vladimir"]
[Black "Voege, Tobias"]
[WhiteFideId "34105414"]
[BlackFideId "1270513"]
[WhiteElo "2371"]
[BlackElo "2335"]
[Result "1-0"]
[Round "10"]
[TimeControl "180+1"]
[Date "2022.02.22"]
[WhiteClock "0:00:37"]
[BlackClock "0:00:51"]

1. e4 e6 2. d4 d5 3. Nc3 Nf6 4. Bg5 Be7 5. Bxf6 Bxf6 6. Nf3 dxe4 7. Nxe4 Be7 8. Bd3 b6 9. Qe2 Bb7 10. O-O-O Nc6 11. Kb1 O-O 12. h4 Qd5 13. Neg5 h6 14. Bh7+ Kh8 15. Be4 Qa5 16. Bxc6 Bxc6 17. Ne5 Be8 18. Qe4 Bxg5 19. hxg5 Rd8 20. Qf4 Qb4 21. gxh6 g6 22. Qf6+ Kh7 23. Qg7# 1-0


[Site "https://www.chess.com"]

[Event "Titled Tuesday Blitz February 22 Early 2022"]
[White "Mirzanurov, Bulat"]
[Black "Politov, Pavel Y."]
[WhiteFideId "4184521"]
[BlackFideId "24110515"]
[WhiteElo "2116"]
[BlackElo "2090"]
[Result "0-1"]
[Round "10"]
[TimeControl "180+1"]
[Date "2022.02.22"]
[WhiteClock "0:00:15"]
[BlackClock "0:00:19"]

1. e4 c5 2. Nf3 d6 3. d4 cxd4 4. Nxd4 Nf6 5. Nc3 a6 6. Bg5 e6 7. f4 h6 8. Bh4 Qb6 9. a3 Nc6 10. Bf2 Qc7 11. Qf3 e5 12. Nxc6 bxc6 13. Bc4 Ng4 14. Bg1 exf4 15. Qxf4 Ne5 16. Bb3 Be7 17. h4 Bf6 18. O-O-O Bg4 19. Re1 Rb8 20. Qd2 O-O 21. Be3 Kh7 22. Rhf1 Bxh4 23. Bf2 Bxf2 24. Rxf2 Qe7 25. Kb1 Be6 26. Bxe6 Qxe6 27. b3 Nc4 28. Qc1 Ne5 29. Ka2 a5 30. a4 Rb4 31. Rd2 Rbb8 32. Red1 Rbd8 33. Qa3 c5 34. Nd5 f5 35. exf5 Qxf5 36. Qb2 Qe6 37. Qc3 c4 38. Qd4 cxb3+ 39. cxb3 Rb8 40. Nc7 Qxb3+ 0-1


[Site "https://www.chess.com"]

[Event "Titled Tuesday Blitz February 22 Early 2022"]
[White "Mohammadian, Mohammad"]
[Black "Kaplan, Ebru"]
[WhiteFideId "12566055"]
[BlackFideId "6315194"]
[WhiteElo "1543"]
[BlackElo "1941"]
[Result "0-1"]
[Round "10"]
[TimeControl "180+1"]
[Date "2022.02.22"]
[WhiteClock "0:00:01"]
[BlackClock "0:00:03"]

1. e4 c5 2. Nf3 d6 3. d4 cxd4 4. Nxd4 Nf6 5. Nc3 a6 6. Be2 e6 7. Be3 b5 8. a3 Bb7 9. f3 Nbd7 10. O-O Be7 11. Qe1 Rc8 12. Qg3 O-O 13. Rad1 Qc7 14. Rd2 d5 15. Qxc7 Rxc7 16. exd5 Nxd5 17. Nxd5 Bxd5 18. c3 Ne5 19. Rfd1 Nc4 20. Bxc4 Rxc4 21. Kf1 h6 22. Bf2 Rb8 23. Kg1 a5 24. Rd3 g6 25. b3 Rcc8 26. Rb1 Bxa3 27. b4 axb4 28. cxb4 Rc1+ 29. Rxc1 Bxc1 30. Rd1 Ba3 31. Rb1 Rc8 32. Nxb5 Rc1+ 33. Rxc1 Bxc1 34. Nd6 Ba3 35. Bc5 Kg7 36. Nb5 Bb2 37. Kf2 Kf6 38. Bd4+ Bxd4+ 39. Nxd4 Ke5 40. Nc2 Kd6 41. Ke3 Kc6 42. Kd3 Kb5 43. Kc3 e5 44. h4 f5 45. Ne3 Be6 46. Nc2 g5 47. hxg5 hxg5 48. Na3+ Kb6 49. Nc2 Kc6 50. Ne3 Kd6 51. Nf1 e4 52. fxe4 Ke5 53. g3 fxe4 54. Ne3 Bf7 55. b5 Be8 56. Kb4 Kd4 57. Ng4 e3 58. Nxe3 Kxe3 59. b6 Bc6 60. Kc5 Be4 61. Kd6 Kf3 62. Ke5 Bb7 63. Kf5 g4 0-1


[Site "https://www.chess.com"]

[Event "Titled Tuesday Blitz February 22 Early 2022"]
[White "Moroni, Luca Jr"]
[Black "Bortnyk, Olexandr"]
[WhiteFideId "865834"]
[BlackFideId "14120828"]
[WhiteElo "2573"]
[BlackElo "2723"]
[Result "1/2-1/2"]
[Round "10"]
[TimeControl "180+1"]
[Date "2022.02.22"]
[WhiteClock "0:00:14"]
[BlackClock "0:00:14"]

1. d4 f5 2. g3 Nf6 3. Bg2 d6 4. Nf3 g6 5. b3 Bg7 6. Bb2 c6 7. O-O O-O 8. c4 Na6 9. a3 Nc7 10. Nbd2 Ne4 11. e3 a5 12. Qc2 d5 13. b4 Ne6 14. Nb3 axb4 15. axb4 Rxa1 16. Rxa1 Qb6 17. cxd5 cxd5 18. Nc5 Qxb4 19. Ba3 Qc4 20. Qxc4 dxc4 21. Nxe4 fxe4 22. Nd2 Nxd4 23. exd4 Bxd4 24. Rf1 Rxf2 25. Rxf2 e3 26. Ne4 Bg4 27. Bxe7 c3 28. Bc5 exf2+ 29. Kf1 c2 30. Ba3 Be6 31. Nxf2 Bc4+ 32. Kg1 Be3 33. Bxb7 Kf7 34. Kg2 c1=Q 35. Bxc1 Bxc1 36. Bf3 Bb2 37. Ne4 Kg7 38. Nd6 Be6 39. Ne4 Be5 40. Nc5 Bf5 41. Be4 Bc8 42. Nd3 Bd6 43. Bf3 Kf6 44. h4 h6 45. Nf2 Kg7 46. Ne4 Be7 47. Nf2 Ba6 48. Ne4 Bb5 49. Nf2 Kf6 50. Ng4+ Kg7 51. Nf2 Ba4 52. Ne4 Bd7 53. Nf2 Be6 54. Bg4 Bd5+ 55. Bf3 Ba2 56. Ne4 Bd8 57. Nf2 Bg8 58. Ne4 Be6 59. Nf2 Kf6 60. Ne4+ Ke5 61. Nf2 Kd4 62. Ng4 h5 63. Nf2 Bf5 64. Nh3 Ke3 65. Nf2 Bc7 66. Nd1+ Kd2 67. Nf2 Bd8 68. Ne4+ Ke3 69. Nd6 Be6 70. Ne4 Be7 71. Nf2 Bf5 72. Nd1+ Kd2 73. Nf2 Ke3 74. Nd1+ Kd4 75. Nf2 Bb4 76. Nh3 Be1 77. Nf4 Ke3 78. Nxh5 gxh5 79. Bxh5 Be4+ 80. Kh3 Kf2 81. Kg4 Bf3+ 82. Kg5 Bd2+ 83. Kg6 Be4+ 84. Kf6 Kxg3 85. Ke5 Bb7 86. Bf7 Bf4+ 87. Ke6 Kg4 88. Kd7 Ba6 89. Bd5 Bh6 90. Kc7 Kf5 91. Kb6 Bd3 92. Ka7 Ke5 93. Bh1 Kd6 94. Ka8 Kc7 95. h5 Ba6 96. Bg2 Bc8 97. Bh1 Bd7 98. Bg2 Bb5 99. Bh1 Bf1 100. Bf3 Be3 101. Bh1 Be2 102. h6 Bxh6 103. Bg2 Bd3 104. Bh1 Kd6 105. Bg2 Bc4 106. Bh1 Kc5 107. Bg2 Kd4 108. Bh1 Bf4 109. Bg2 Ke3 110. Bh1 Kf2 111. Bb7 Be3 112. Bc6 Bd3 113. Bb7 Bb5 114. Bd5 Bf4 115. Bb7 Bf1 116. Bd5 Bh3 117. Bb7 Bg2 118. Bxg2 1/2-1/2


[Site "https://www.chess.com"]